Map: Lost and Found LE

Players

gshuangdunai

  • Race: Zerg Zerg
  • League: Diamond
  • Spawn Location: 1:00

Dauntless - Winner!

  • Race: Zerg Zerg
  • Spawn Location: 7:00

VOD

Have the link to the VOD?

Description

Time

  • Played on: Aug. 15, 2018, 7:43 p.m.
  • Length: 9:25
Show
View Real Time Build Order
Export as new Build Order

gshuangdunai Zerg 

Build Orders: Hatch First 

Get SALT Encoding   

  12  0:01  Drone  
  13  0:08  Drone  
  14  0:16  Overlord  
  14  0:22  Extractor  
  14  0:23  Drone  
  15  0:34  Drone x2  
  17  0:44  Drone  
  18  0:56  Hatchery  
  17  1:07  Spawning Pool  
  17  1:10  Drone  
  17  1:14  Drone  
  18  1:19  Drone  
  18  1:24  Extractor  
  18  1:27  Drone  
  19  1:37  Overlord  
  19  1:54  Queen  
  19  1:55  Zergling x2  
  19  2:00  Zergling x2  
  23  2:08  Queen, Zergling x2  
  26  2:10  Drone  
  27  2:18  Drone  
  27  2:20  Drone  
  29  2:29  Drone  
  30  2:33  Lair  
  30  2:34  Drone  
  31  2:44  Evolution Chamber, Drone  
  30  2:45  Overlord  
  30  2:50  Roach Warren  
  30  2:51  Drone  
  31  2:53  Drone  
  32  3:01  Drone  
  32  3:03  Drone x3  
  32  3:05  Extractor  
  35  3:10  Evolution Chamber, Drone  
  35  3:14  Zerg Missile Weapons Level 1  
  35  3:18  Drone  
  36  3:20  Drone  
  36  3:22  Drone  
  36  3:24  Drone  
  36  3:26  Drone  
  40  3:28  Drone  
  41  3:39  Glial Reconstitution  
  41  3:42  Overlord x2  
  41  4:00  Drone x8  
  49  4:05  Roach  
  49  4:09  Extractor  
  50  4:11  Roach  
  50  4:17  Overlord  
  52  4:36  Roach  
  52  4:37  Roach x3  
  60  4:44  Overlord  
  60  4:46  Overlord  
  60  4:47  Hatchery  
  59  4:53  Overlord  
  59  5:03  Roach  
  59  5:04  Roach x6  
  73  5:11  Zerg Missile Weapons Level 2  
  73  5:12  Roach  
  73  5:13  Roach x3  
  81  5:20  Roach  
  83  5:23  Overlord  
  83  5:27  Extractor  
  82  5:29  Roach  
  82  5:33  Overlord x2  
  84  5:40  Overlord  
  84  5:41  Overlord  
  84  5:42  Drone  
  85  5:47  Roach x3  
  91  5:52  Drone  
  91  5:53  Drone x3  
  95  5:59  Roach  
  95  6:02  Roach  
  101  6:07  Roach  
  101  6:10  Drone  
  104  6:13  Ravager  
  104  6:14  Ravager x3  
  104  6:15  Ravager  
  104  6:17  Roach  
  111  6:19  Roach  
  111  6:26  Roach  
  111  6:27  Roach x2, Overlord  
  117  6:33  Hatchery  
  117  6:36  Roach  
  117  6:37  Roach  
  120  6:44  Roach x2  
  120  6:45  Overlord  
  120  6:46  Roach  
  97  7:10  Roach  
  97  7:11  Roach x4  
  97  7:14  Roach  
  106  7:22  Roach  
  105  7:23  Roach x3  
  99  7:41  Roach x3  
  101  7:53  Roach  
  101  7:54  Roach  
  101  7:57  Roach  
  101  7:58  Roach x2  
  111  8:02  Roach  
  111  8:03  Roach x2  
  117  8:08  Roach  
  117  8:09  Roach x2  
  123  8:16  Roach  
  123  8:17  Roach  
  121  8:30  Roach x5  
  118  8:34  Roach  
  118  8:36  Roach x2  
  117  8:41  Roach  
  117  8:42  Roach  
  117  8:47  Roach Warren  
  120  8:52  Zergling x2  
Show
View Real Time Build Order
Export as new Build Order

Dauntless Zerg - Winner!

Build Orders: Hatch First 

Get SALT Encoding   

  12  0:01  Drone  
  13  0:12  Overlord  
  13  0:16  Drone  
  14  0:31  Drone x2  
  14  0:35  Drone  
  17  0:46  Drone  
  18  0:55  Hatchery  
  17  0:57  Drone  
  17  1:00  Extractor  
  17  1:13  Spawning Pool  
  17  1:15  Drone  
  17  1:19  Drone  
  18  1:28  Drone  
  19  1:39  Drone  
  20  1:49  Overlord  
  20  2:01  Queen  
  20  2:08  Queen  
  22  2:09  Drone x2, Spine Crawler  
  25  2:18  Drone x2  
  25  2:21  Overlord  
  27  2:29  Drone, Metabolic Boost  
  28  2:33  Drone  
  29  2:38  Queen  
  29  2:43  Drone  
  29  2:44  Drone  
  33  2:53  Drone  
  34  3:00  Evolution Chamber  
  34  3:02  Evolution Chamber  
  32  3:07  Roach Warren  
  32  3:11  Drone  
  32  3:12  Drone x3  
  35  3:17  Drone x2  
  35  3:19  Drone x2  
  39  3:22  Drone  
  39  3:25  Drone  
  41  3:31  Zerg Missile Weapons Level 1  
  41  3:32  Drone  
  42  3:35  Drone  
  42  3:36  Drone  
  42  3:40  Extractor  
  43  3:42  Extractor  
  42  3:48  Zerg Ground Armor Level 1  
  42  3:49  Drone x2  
  42  3:51  Overlord  
  42  3:55  Extractor  
  43  3:59  Overlord  
  43  4:01  Drone  
  44  4:09  Drone x2  
  46  4:12  Drone  
  46  4:13  Drone x2  
  46  4:14  Drone  
  46  4:16  Lair  
  50  4:20  Roach  
  50  4:23  Overlord  
  50  4:24  Roach  
  54  4:29  Roach x2  
  58  4:32  Drone  
  58  4:35  Overlord  
  59  4:41  Roach  
  59  4:42  Roach x2  
  65  4:50  Overlord  
  65  4:58  Roach  
  65  4:59  Roach  
  69  5:01  Hatchery  
  69  5:04  Roach x2  
  72  5:08  Overlord  
  72  5:09  Roach  
  72  5:12  Roach  
  76  5:14  Glial Reconstitution  
  76  5:19  Overlord  
  76  5:23  Roach x2  
  80  5:36  Overlord  
  80  5:37  Roach x3  
  80  5:38  Evolution Chamber  
  85  5:45  Zerg Missile Weapons Level 2  
  85  5:50  Roach x3  
  85  5:54  Roach  
  85  5:55  Roach  
  95  5:58  Roach  
  95  6:03  Drone  
  98  6:05  Zerg Ground Armor Level 2  
  98  6:14  Roach x3  
  98  6:16  Roach  
  102  6:26  Roach x4  
  106  6:34  Roach  
  106  6:35  Roach x3  
  114  6:44  Overlord x2  
  114  6:45  Overlord  
  106  7:03  Roach x7  
  106  7:09  Roach x2  
  106  7:14  Roach x2  
  110  7:19  Roach x2  
  112  7:25  Roach  
  112  7:26  Roach x2  
  116  7:39  Roach x5  
  124  7:45  Roach x2  
  128  7:56  Roach x2  
  128  7:57  Roach x3  
  132  8:03  Roach x3  
  138  8:14  Infestation Pit  
  138  8:15  Overlord x2  
  127  8:32  Spine Crawler x2  
  127  8:33  Spine Crawler  
  112  8:34  Spine Crawler  
  112  8:37  Spine Crawler  
  112  8:38  Roach  
  112  8:39  Roach  
  111  8:45  Roach x2  
  115  8:59  Roach x4  
Tags
 
Add a new tag
Caveats
  • Supply blocks, unpowered buildings, or Contaminate may cause inaccurate times.
  • Supply counts are checked every 10 seconds.